 Dungeon Crawl Stone Soup version 0.29-a0-925-g0a7a3d12f8 (webtiles) character file.

Game seed: 9567932324984908495

41619 greasedhog the Blocker (level 14, -7/84 HPs)
             Began as a Gargoyle Abyssal Knight on July 28, 2022.
             Was the Champion of Lugonu.
             Splashed with acid (33 damage)
             ... on level 5 of the Lair of Beasts.
             The game lasted 00:27:02 (19433 turns).

greasedhog the Blocker (Gargoyle Abyssal Knight)   Turns: 19433, Time: 00:27:02

Health: -7/84      AC: 28    Str: 23    XL:     14   Next: 16%
Magic:  21/21      EV: 21    Int: 10    God:    Lugonu [******]
Gold:   806        SH: 12    Dex: 10    Spells: 13/13 levels left

rFire   . . .      SeeInvis +   H - +8 mace of Offence {flame, rC+}
rCold   + . .      Faith    .   d - +0 kite shield
rNeg    + . .      Spirit   .   b - +0 plate armour
rPois   ∞          Reflect  .   N - +2 hat of the Illusory Wishes {rF- Will++ Regen+ Slay+6}
rElec   +          Harm     .   (no cloak)
rCorr   .          Rampage  .   a - +0 pair of gloves
Will    +++..                   p - +0 pair of boots
Stlth   ..........              l - amulet of the acrobat
HPRegen 1.04/turn               t - ring of protection from fire
MPRegen 0.17/turn               D - ring of see invisible

@: acrobatic, flying
A: sickness immunity, AC +10, big wings, negative energy resistance 1,
electricity resistance, torment resistance 1, petrification resistance
a: Renounce Religion, Depart the Abyss, Bend Space, Banish, Corrupt, Enter the
Abyss, Brand Weapon With Distortion


You were on level 5 of the Lair of Beasts.
You worshipped Lugonu.
Lugonu was exalted by your worship.
You visited 3 branches of the dungeon, and saw 17 of its levels.
You visited the Abyss 1 time.

You collected 1261 gold pieces.
You spent 455 gold pieces at shops.

Inventory:

Hand Weapons
 H - the +8 mace of Offence (weapon) {flame, rC+}
   (You bought it in a shop on level 6 of the Dungeon)

   It burns those it strikes, dealing additional fire damage.
   rC:        It protects you from cold.
Armour
 a - a +0 pair of gloves (worn)
 b - a +0 plate armour (worn)
 d - a +0 kite shield (worn)
 p - a +0 pair of boots (worn)
 N - the +2 hat of the Illusory Wishes (worn) {rF- Will++ Regen+ Slay+6}
   (You found it on level 10 of the Dungeon)

   Slay:      It affects your accuracy & damage with ranged weapons and melee
   (+6).
   rF:        It makes you vulnerable to fire.
   Regen:     It increases your rate of health regeneration.
   Will:      It greatly increases your willpower.
Jewellery
 l - an amulet of the acrobat (around neck)
 t - a ring of protection from fire (left hand)
 D - a ring of see invisible (right hand)
 M - a ring of positive energy
 P - a ring of protection from cold
Wands
 g - a wand of flame (33)
 C - a wand of charming (10)
 E - a wand of mindburst (18)
 K - a wand of light (14)
 O - a wand of iceblast (4)
Scrolls
 e - 2 scrolls of fear
 f - 2 scrolls of enchant weapon
 j - 6 scrolls of magic mapping
 m - 3 scrolls of blinking
 n - 3 scrolls of fog
 q - 5 scrolls of vulnerability
 r - 6 scrolls of enchant armour
 s - 10 scrolls of teleportation
 u - a scroll of torment
 v - a scroll of immolation
 w - a scroll of identify
 y - 3 scrolls of amnesia
 L - 2 scrolls of brand weapon {unknown}
 Q - 3 scrolls of poison
Potions
 c - 4 potions of mutation {unknown}
 h - 3 potions of degeneration {unknown}
 i - 5 potions of curing {unknown}
 k - 5 potions of brilliance
 o - 4 potions of haste
 x - 4 potions of heal wounds {unknown}
 z - a potion of cancellation {unknown}
 A - a potion of lignification {unknown}
 B - 2 potions of berserk rage {unknown}
 F - a potion of ambrosia {unknown}
 G - 3 potions of flight {unknown}
 I - a potion of might
Miscellaneous
 J - a condenser vane


   Skills:
 * Level 8.0 Fighting
 - Level 12.1 Maces & Flails
 * Level 6.9 Armour
 - Level 2.4 Dodging
 - Level 14.0 Shields
 - Level 10.5 Invocations
 - Level 10.0 Evocations


You had 13 spell levels left.
You didn't know any spells.
Your spell library contained the following spells:

 Spells                   Type           Power      Damage    Failure   Level
 Sandblast                Erth           0%         2d4       100%        1
 Passwall                 Tmut/Erth      0%         N/A       100%        2
 Static Discharge         Conj/Air       0%         3-3/arc   100%        2
 Gell's Gravitas          Tloc           0%         N/A       100%        3
 Ignite Poison            Fire/Tmut/Pois 0%         N/A       100%        3
 Mephitic Cloud           Conj/Pois/Air  0%         N/A       100%        3
 Portal Projectile        Hex/Tloc       0%         N/A       100%        3
 Stone Arrow              Conj/Erth      0%         3d7       100%        3
 Teleport Other           Tloc           0%         N/A       100%        3
 Tukima's Dance           Hex            0%         N/A       100%        3
 Dispel Undead            Necr           0%         3d6       100%        4
 Leda's Liquefaction      Hex/Erth       0%         N/A       100%        4
 Passage of Golubria      Tloc           0%         N/A       100%        4
 Sticky Flame             Conj/Fire      0%         2d3       100%        4
 Blade Hands              Tmut           0%         N/A       100%        5
 Freezing Cloud           Conj/Ice/Air   0%         6-21      100%        5
 Lee's Rapid Deconstruct  Erth           0%         3d5*      100%        5
 Yara's Violent Unravell  Hex/Tmut       0%         3d3       100%        5
 Dispersal                Tloc           0%         N/A       100%        6
 Statue Form              Tmut/Erth      Unusable   N/A       N/A         6

Dungeon Overview and Level Annotations

Branches:
Dungeon (11/15)            Temple (1/1) D:5            Lair (5/5) D:11
 Shoals (0/4) Lair:2        Snake (0/4) Lair:3        Slime (0/5) Lair:5
    Orc (0/2) D:10

Altars:
Ashenzari
Cheibriados
Dithmenos
Elyvilon
Fedhas
Gozag
Hepliaklqana
Kikubaaqudgha
Makhleb
Nemelex Xobeh
Okawaru
Qazlal
Ru
Sif Muna
Trog
Uskayaw
Vehumet
Wu Jian
Xom
Yredelemnul
Zin
The Shining One
Jiyva

Shops:
D:1 (?*   D:3 :   D:6 (   D:10 [[(*

Annotations:
D:4 2 runed translucent doors
Abyss:1 Harold, Prince Ribbit


Innate Abilities, Weirdness & Mutations

You are immune to sickness and miasma.
Your stone body is resilient. (AC +10)
You are immune to poison.
Your large and strong wings let you fly.
You resist negative energy. (rN+)
You are resistant to electric shocks. (rElec)
You are resistant to unholy torment.
You are immune to petrification.


Message History

No target in view!
No target in view!
No target in view!
No target in view!
No target in view!
No target in view!
No target in view!
No target in view!
No target in view!
No target in view!
No target in view!
No target in view!
No target in view!
Partly explored, can't reach some items and places.
Partly explored, can't reach some items and places.
Partly explored, can't reach some items and places.
Partly explored, can't reach some items and places.
No target in view!
You thump the plant!
The plant begins to die.
You burn the plant.
The plant is lightly damaged.
You sock the plant! You burn the plant.
The plant is lightly damaged.
You thump the fungus!
The fungus begins to die.
You burn the fungus.
The fungus is lightly damaged.
A nearby plant withers and dies.
You start waiting.
A nearby fungus withers and dies.
s - 10 scrolls of teleportation (gained 1)
Found a viscous altar of Jiyva.
Found a staircase to the Slime Pits.
There is a staircase to the Slime Pits here.
Partly explored, can't reach some items.
Partly explored, can't reach some items.
You are splashed with acid!!
You see here a scroll of enchant weapon.
There is a staircase to the Slime Pits here.
You are splashed with acid!!
* * * LOW HITPOINT WARNING * * *
You see here a scroll of enchant weapon.
f - 2 scrolls of enchant weapon (gained 1)
You are splashed with acid!!
You die...

##.##
##..#
##..##
###.#.#
#...#.##
##......#
#._.....##
#.>#....P#
#@..##...#
#######.##
###


There were no monsters in sight!

Vanquished Creatures
  Fannar (D:10)
  3 hydras
  A two-headed ogre (D:10)
  7 death yaks
  2 manticores
  3 black mambas
  7 cane toads
  2 rime drakes
  10 komodo dragons
  5 polar bears
  2 trolls (D:11)
  A queen bee (D:10)
  A wind drake (Lair:2)
  9 hornets
  Grinder (D:4)
  24 blink frogs
  2 dream sheep (Lair:5)
  Sigmund (D:4)
  36 yaks
  4 wyverns
  13 spriggans (Lair:5)
  A wraith (D:11)
  A vampire (D:11)
  3 vampire mosquitoes (D:11)
  3 basilisks
  3 steam dragons
  2 nagas (Lair:3)
  5 water moccasins
  An orc warrior (D:11)
  2 ogres
  3 black bears (Lair:5)
  3 ice beasts
  A sky beast (D:6)
  27 wolves
  4 boggarts (Lair:5)
  3 centaurs
  2 kobold brigands
  3 phantoms
  7 bullfrogs
  A scorpion (D:4)
  4 wights (D:8)
  25 killer bees
  5 howler monkeys
  A bullfrog zombie (D:4)
  9 orc priests
  4 hounds
  5 iguanas
  6 orc wizards
  A hell rat (D:11)
  2 hound zombies (D:4)
  3 gnolls (D:5)
  A howler monkey zombie (D:4)
  5 adders
  A river rat (D:11)
  An ufetubus (D:5)
  An adder zombie (D:4)
  An adder skeleton (D:4)
  2 worms
  A dart slug (D:1)
  68 orcs
  9 endoplasms
  3 giant cockroaches
  2 goblins
  7 hobgoblins
  9 jackals
  15 kobolds
  3 quokkas
  8 ball pythons
  A bat (D:3)
  6 frilled lizards
  4 rats
  A bush (D:2)
424 creatures vanquished.

Vanquished Creatures (others)
  16 fungi
  39 plants
  2 withered plants (D:4)
57 creatures vanquished.

Grand Total: 481 creatures vanquished

Notes
Turn   | Place    | Note
-------+----------+-------------------------------------------
     0 | Abyss:1  | greasedhog the Gargoyle Abyssal Knight began the quest for
                  | the Orb.
     0 | Abyss:1  | Reached XP level 1. HP: 14/14 MP: 2/2
     1 | D:1      | Escaped the Abyss
    34 | D:1      | Found Foarghyo's General Store.
   386 | D:1      | Reached XP level 2. HP: 5/19 MP: 3/3
   648 | D:1      | Found Xuph's Weapon Boutique.
   779 | D:1      | Found Ipnoubipn's Magic Scroll Emporium.
  1127 | D:2      | Reached XP level 3. HP: 16/24 MP: 4/4
  1267 | D:2      | Found a faded altar of an unknown god.
  2439 | D:3      | Reached skill level 1 in Dodging
  2830 | D:3      | Reached XP level 4. HP: 14/29 MP: 5/5
  2924 | D:3      | Reached XP level 5. HP: 16/34 MP: 6/6
  3200 | D:3      | Found the +7 Throatcutter {drain, coup de grace}
  3200 | D:3      | Noticed a kobold brigand
  3206 | D:3      | Reached *** piety under Lugonu
  3222 | D:3      | Killed a kobold brigand
  3363 | D:3      | Found Joseipsy's Book Shop.
  3537 | D:4      | Reached skill level 5 in Fighting
  3537 | D:4      | Reached XP level 6. HP: 15/40 MP: 7/7
  3740 | D:4      | Found a basalt altar of Yredelemnul.
  3748 | D:4      | Found a large runed translucent door.
  3749 | D:4      | Found a large runed translucent door.
  3754 | D:4      | Found a large runed translucent door.
  3754 | D:4      | Found a large runed translucent door.
  3855 | D:4      | Noticed Sigmund
  3859 | D:4      | Noticed Grinder
  3876 | D:4      | Killed Sigmund
  3876 | D:4      | Paralysed by Grinder for 2 turns
  3885 | D:4      | Paralysed by Grinder for 3 turns
  3900 | D:4      | Killed Grinder
  3901 | D:4      | Reached XP level 7. HP: 21/44 MP: 9/9
  4347 | D:4      | Reached skill level 5 in Maces & Flails
  4354 | D:4      | Identified the +7 chain mail of Twilight {rF- Regen+ rCorr
                  | Str+7}
  5337 | D:4      | Reached skill level 5 in Invocations
  5629 | D:4      | Reached XP level 8. HP: 47/49 MP: 11/11
  5698 | D:5      | Entered Level 5 of the Dungeon
  6343 | D:5      | Noticed Prince Ribbit
  6345 | D:5      | Banished Prince Ribbit
  6422 | D:5      | Found a staircase to the Ecumenical Temple.
  6448 | Temple   | Entered the Ecumenical Temple
  6899 | D:6      | Reached **** piety under Lugonu
  6960 | D:6      | Reached XP level 9. HP: 46/54 MP: 14/14
  7058 | D:6      | Found a sacrificial altar of Ru.
  7063 | D:6      | Found a blossoming altar of Fedhas.
  7085 | D:6      | Found a broken altar of Ashenzari.
  7763 | D:6      | Found Utwodyi's Antique Weapon Shop.
  7771 | D:6      | Bought a fine mace for 152 gold pieces
  7771 | D:6      | Identified the +8 mace of Offence {flame, rC+} (You bought
                  | it in a shop on level 6 of the Dungeon)
  9280 | D:7      | Reached XP level 10. HP: 59/59 MP: 17/17
  9404 | D:8      | Reached skill level 10 in Invocations
  9770 | D:8      | Reached skill level 10 in Maces & Flails
 10525 | D:9      | Reached ***** piety under Lugonu
 11655 | D:10     | Entered Level 10 of the Dungeon
 11897 | D:10     | Found Hitumio's Antique Armour Emporium.
 11902 | D:10     | Bought a pair of boots for 99 gold pieces
 11902 | D:10     | Bought a glowing helmet for 165 gold pieces
 11969 | D:10     | Reached skill level 5 in Armour
 11976 | D:10     | Reached skill level 1 in Shields
 11986 | D:10     | Reached skill level 2 in Shields
 12036 | D:10     | Found Boce's Armour Shop.
 12040 | D:10     | Noticed Fannar
 12062 | D:10     | Killed Fannar
 12063 | D:10     | Reached skill level 3 in Shields
 12063 | D:10     | Reached XP level 11. HP: 29/63 MP: 18/18
 12285 | D:10     | Noticed Harold
 12295 | D:10     | Banished Harold
 12296 | D:10     | Reached skill level 4 in Shields
 12488 | D:10     | Noticed a two-headed ogre
 12510 | D:10     | Reached skill level 5 in Shields
 12814 | D:10     | Banished a two-headed ogre
 12948 | D:10     | Found Ivi Vug's Weapon Shop.
 12983 | D:10     | Reached skill level 6 in Shields
 12983 | D:10     | Reached skill level 1 in Evocations
 13023 | D:10     | Noticed a two-headed ogre
 13342 | D:10     | Found Jithro's General Store.
 13345 | D:10     | Identified the +2 hat of the Illusory Wishes {rF- Will++
                  | Regen+ Slay+6}
 13361 | D:10     | Bought a scroll of teleportation for 39 gold pieces
 13535 | D:10     | Killed a two-headed ogre
 13545 | D:10     | Found a staircase to the Orcish Mines.
 13614 | D:10     | Reached skill level 7 in Shields
 13945 | D:11     | Noticed a death yak
 13950 | D:11     | Noticed a death yak
 13953 | D:11     | Noticed a death yak
 13961 | D:11     | Killed a death yak
 13962 | D:11     | Reached skill level 8 in Shields
 13965 | D:11     | Killed a death yak
 13965 | D:11     | Killed a death yak
 13966 | D:11     | Reached skill level 5 in Evocations
 13966 | D:11     | Reached XP level 12. HP: 26/68 MP: 19/19
 14015 | D:11     | Found a staircase to the Lair.
 14089 | D:11     | Reached skill level 9 in Shields
 14549 | Lair:1   | Entered Level 1 of the Lair of Beasts
 14778 | D:11     | Reached skill level 10 in Shields
 15412 | Lair:2   | Found a staircase to the Shoals.
 15441 | Lair:2   | Reached skill level 11 in Shields
 15923 | Lair:2   | Noticed an eight-headed hydra
 15929 | Lair:2   | Killed an eight-headed hydra
 16304 | Lair:3   | Reached XP level 13. HP: 39/72 MP: 20/20
 16363 | Lair:3   | Found a staircase to the Snake Pit.
 16369 | Lair:3   | Reached skill level 12 in Shields
 17808 | Lair:4   | Reached skill level 13 in Shields
 18254 | Lair:5   | Entered Level 5 of the Lair of Beasts
 18540 | Lair:5   | Reached skill level 10 in Evocations
 18892 | Lair:5   | Reached skill level 14 in Shields
 18934 | Lair:5   | Reached ****** piety under Lugonu
 19001 | Lair:5   | Gained mutation: Your large and strong wings let you fly.
                  | [Gargoyle growth]
 19001 | Lair:5   | Reached XP level 14. HP: 80/80 MP: 21/21
 19414 | Lair:5   | Found a viscous altar of Jiyva.
 19414 | Lair:5   | Found a staircase to the Slime Pits.
 19433 | Lair:5   | Splashed with acid

Illustrated notes

Levels and vault maps discovered:
D:1:      minmay_arrival_plants_in_alcoves, layout_rooms, serial_shops,
          nicolae_shop_bloodbath_and_beyond, nicolae_shop_advertising_works
          [nicolae_subvault_shop_adworks], nicolae_lakefront_shop,
          supply_closet_lemuel, minmay_close_crescents
D:2:      layout_rooms, hellmonk_ecumenical_altar_zigzags, minmay_hedge_maze
D:3:      layout_rooms, serial_shops, shop_fountains,
          dilly_guarded_unrand_throatcut
D:4:      layout_basic, lemuel_tele_altar, serial_undead, serial_undead_b,
          serial_undead_e, serial_undead_e, serial_undead_d,
          minmay_misc_feat_five, minmay_hollow_rounded_squares, uniq_sigmund,
          uniq_grinder
D:5:      layout_rooms, minmay_temple_entry_glass, uniq_prince_ribbit1
D:6:      layout_basic, minmay_overflow_temple_star_quad, serial_shops,
          shop_statue
D:7:      layout_loops_ring
D:8:      layout_cave_pools
D:9:      layout_roguey [special_room_orc]
D:10:     layout_roguey, hiddenorc1_lemuel, serial_shops, kennysheep_mini,
          nicolae_stop_n_shop_1, shop_fountains,
          nicolae_shop_temple_entry_statues_fountains,
          nicolae_looking_at_the_future, uniq_harold, uniq_fannar
D:11:     layout_small_grid, dpeg_lair_monsters, kennysheep_generic_room_15
Temple:   compressed_dpeg_circular_temple
Lair:1:   layout_misc_corridors, serial_bayou_shore_b, grunt_megastairs_3
Lair:2:   layout_cave_pods, minmay_shoals_entry_beasts, lemuel_fruit_tree
Lair:3:   layout_regular_city, guppyfry_snake_entry_island,
          infiniplex_staircase_pool_2
Lair:4:   layout_cave_pods
Lair:5:   minmay_lair_end_enchanted_forest, layout_big_grid,
          dpeg_slime_entry_corner

Skill      XL: |  1  2  3  4  5  6  7  8  9 10 11 12 13 14 |
---------------+-------------------------------------------+-----
Armour         | 3 5 6 |  6.9
Fighting       | 4 5 6 8 |  8.0
Dodging        | 1 2 |  2.4
Maces & Flails | 3 4 5 7 9 11 12 | 12.1
Invocations    | 3 5 7 9 10 | 10.5
Shields        | 3 8 11 14 | 14.0
Evocations     | 5 8 10 | 10.0

Action                   |  1- 3 |  4- 6 |  7- 9 | 10-12 | 13-15 || total
-------------------------+-------+-------+-------+-------+-------++-------
Melee: Mace              |   245 |    81 |   470 |   577 |   440 ||  1813
       Punch             |     1 |       |       |       |       ||     1
Invok: Bend Space        |     1 |       |     3 |     1 |     1 ||     6
       Banish            |       |       |     4 |     7 |       ||    11
Evoke: Wand              |       |       |       |    10 |     1 ||    11
       Condenser vane    |       |       |       |     1 |       ||     1
  Use: Scroll            |     3 |       |     5 |     5 |     1 ||    14
       Potion            |     1 |     3 |       |       |       ||     4
 Stab: Invisible         |       |     2 |       |       |     2 ||     4
Armor: Leather armour    |    32 |       |       |       |       ||    32
       Chain mail        |    26 |    50 |   355 |   129 |       ||   560
       Plate armour      |       |       |       |   257 |   232 ||   489
Dodge: Dodged            |    60 |    21 |   193 |   166 |   124 ||   564
Block: Buckler           |     2 |     5 |    39 |       |       ||    46
       Kite shield       |       |       |    25 |   270 |   259 ||   554

Table legend: (Time is in decaauts)
 A = Elapsed time spent in this place.
 B = Non-inter-level travel time spent in this place.
 C = Inter-level travel time spent in this place.
 D = Time resting spent in this place.
 E = Time spent auto-exploring this place.
 F = Levels seen in this place.
 G = Mean time per level.
                   A        B        C        D        E       F      G
               +--------+--------+--------+--------+--------+-----+--------+
         Total |  19527 |  19092 |    435 |   2007 |  13685 |  18 | 1084.8 |
       Dungeon |  14703 |  14357 |    346 |   1829 |  10112 |  11 | 1336.6 |
        Temple |    106 |     98 |      8 |      0 |     84 |   1 |  106.0 |
          Lair |   4716 |   4636 |     80 |    178 |   3488 |   5 |  943.2 |
         Abyss |      1 |      1 |      0 |      0 |      0 |   1 |    1.0 |
               +--------+--------+--------+--------+--------+-----+--------+

Top non-repeatable levels by time:
     D:4: 2248 daAuts
    D:10: 1844 daAuts
     D:9: 1656 daAuts
     D:2: 1438 daAuts
     D:7: 1338 daAuts
     D:6: 1306 daAuts
  Lair:5: 1147 daAuts
  Lair:4: 1144 daAuts
     D:3: 1089 daAuts
     D:1: 1031 daAuts
  Lair:2: 984 daAuts
     D:5: 949 daAuts
  Lair:3: 926 daAuts
     D:8: 907 daAuts
    D:11: 893 daAuts
